AA
LINCOLN SALTDOGS @ FARGO-MOORHEAD REDHAWKS
08/12/2039
 
TOP OF THE 1ST
Lincoln Saltdogs batting - Pitching for Fargo-Moorhead RedHawks : LHP Peter Wheatfall
Pitching: LHP Peter Wheatfall
Batting: RHB Eric Wells 0-0: Ball
1-0: Ball
2-0: SINGLE (Line Drive, 8RS, EV 106.3 MPH)
Batting: RHB Ivan Saucedo 0-0: Foul Ball, location: 2F
0-1: Called Strike
Eric Wells steals 2nd base
0-2: Ball
1-2: Strikes out swinging
Batting: RHB Chad Frizzell 0-0: Ball
1-0: Called Strike
1-1: Foul Ball, location: 3F
1-2: Strikes out swinging
Batting: LHB Luis Galindo 0-0: Ball
1-0: Ball
2-0: Ball
3-0: Base on Balls
Batting: RHB Jonathan Sides 0-0: Ball
1-0: Called Strike
1-1: Ball
2-1: Foul Ball, location: 7LSFF
2-2: DOUBLE (Flyball, 8LXD, EV 103.8 MPH)
Eric Wells scores
Luis Galindo to third
Runner from 3rd tries for Home, SAFE, no throw by CF
Batting: LHB Beau Wagner 0-0: Swinging Strike
0-1: Called Strike
0-2: Ball
1-2: Strikes out swinging
Top of the 1st over - 2 runs, 2 hits, 0 errors, 1 left on base; Lincoln 2 - Fargo-Moorhead 0
BOTTOM OF THE 1ST
Fargo-Moorhead RedHawks batting - Pitching for Lincoln Saltdogs : RHP Jesus Justice
Pitching: RHP Jesus Justice
Batting: SHB Brad Wasson 0-0: Swinging Strike
0-1: Ball
1-1: Foul Ball, location: 2F
1-2: Ball
2-2: Foul Ball, location: 25F
2-2: Ball
3-2: Foul Ball, location: 2F
3-2: SINGLE (Line Drive, 34, EV 107.5 MPH)
Batting: RHB Joe Fears 0-0: Called Strike
Brad Wasson steals 2nd base
0-1: Swinging Strike
0-2: DOUBLE (Flyball, 8LXD, EV 105.6 MPH)
Brad Wasson scores
Batting: RHB Jon Bejarano 0-0: Called Strike
0-1: Ball
1-1: Foul Ball, location: 2F
1-2: Strikes out swinging
Batting: LHB Eric Sellers 0-0: Ball
1-0: Ball
2-0: Ball
3-0: Called Strike
3-1: Ground out 4-3 (Groundball, 4, EV 98.8 MPH)
Joe Fears to third
Batting: RHB Khalil Willingham 0-0: Ball
1-0: Ball
2-0: Ball
3-0: Called Strike
3-1: Foul Ball, location: 9LDF
3-2: Base on Balls
Batting: RHB Alex Dominguez 0-0: Foul Ball, location: 2F
0-1: Foul Ball, location: 2F
0-2: Foul Ball, location: 2F
0-2: Foul Ball, location: 2F
0-2: Ball
1-2: Strikes out looking
Bottom of the 1st over - 1 run, 2 hits, 0 errors, 2 left on base; Lincoln 2 - Fargo-Moorhead 1
TOP OF THE 2ND
Lincoln Saltdogs batting - Pitching for Fargo-Moorhead RedHawks : LHP Peter Wheatfall
Batting: RHB Don Rancourt 0-0: Ball
1-0: Swinging Strike
1-1: Foul Ball, location: 2F
1-2: Foul Ball, location: 2F
1-2: Foul Ball, location: 25FF
1-2: Strikes out looking
Batting: RHB Jesus Camacho 0-0: Ball
1-0: Foul Ball, location: 2F
1-1: Foul Ball, location: 2F
1-2: Foul Ball, location: 23F
1-2: Ball
2-2: Foul Ball, location: 5FF
2-2: Strikes out swinging
Batting: RHB Jesus Justice 0-0: Called Strike
0-1: Foul Ball, location: 9LSF
0-2: Foul Ball, location: 2F
0-2: Ball
1-2: Strikes out looking
Top of the 2nd over - 0 runs, 0 hits, 0 errors, 0 left on base; Lincoln 2 - Fargo-Moorhead 1
BOTTOM OF THE 2ND
Fargo-Moorhead RedHawks batting - Pitching for Lincoln Saltdogs : RHP Jesus Justice
Batting: RHB Mario Medrano 0-0: SINGLE (Groundball, 5D, EV 98.8 MPH)
Batting: LHB Nate Moore 0-0: Swinging Strike
0-1: Ball
1-1: Ball
2-1: Called Strike
2-2: Ball
3-2: Fly out, F6 (Popup, 6D, EV 43.1 MPH)
Batting: LHB Peter Wheatfall 0-0: Sac Bunt to 15S - play at first, batter OUT! 1-3
Mario Medrano to second
Batting: SHB Brad Wasson 0-0: Foul Ball, location: 3SF
0-1: Ground out 6-3 (Groundball, 6, EV 105.0 MPH)
Bottom of the 2nd over - 0 runs, 1 hit, 0 errors, 1 left on base; Lincoln 2 - Fargo-Moorhead 1
TOP OF THE 3RD
Lincoln Saltdogs batting - Pitching for Fargo-Moorhead RedHawks : LHP Peter Wheatfall
Batting: RHB Eric Wells 0-0: Foul Ball, location: 9LSF
0-1: Called Strike
0-2: Ball
1-2: Fly out, F9 (Flyball, 9D, EV 94.4 MPH)
Batting: RHB Ivan Saucedo 0-0: DOUBLE (Line Drive, 9LM, EV 91.3 MPH)
Batting: RHB Chad Frizzell 0-0: Foul Ball, location: 9LDF
0-1: Foul Ball, location: 7LSF
0-2: Foul Ball, location: 2F
0-2: Strikes out swinging
Batting: LHB Luis Galindo 0-0: Called Strike
0-1: Ball
1-1: Called Strike
1-2: Foul Ball, location: 2F
1-2: Strikes out looking
Top of the 3rd over - 0 runs, 1 hit, 0 errors, 1 left on base; Lincoln 2 - Fargo-Moorhead 1
BOTTOM OF THE 3RD
Fargo-Moorhead RedHawks batting - Pitching for Lincoln Saltdogs : RHP Jesus Justice
Batting: RHB Joe Fears 0-0: Ball
1-0: Ball
2-0: Ball
3-0: Called Strike
3-1: Foul Ball, location: 9LSF
3-2: Strikes out looking
Batting: RHB Jon Bejarano 0-0: Ball
1-0: SINGLE (Groundball, 4MD, EV 105.0 MPH)
Batting: LHB Eric Sellers 0-0: Ball
1-0: SINGLE (Groundball, 6MD, EV 93.8 MPH)
Jon Bejarano to second
Runner from 2nd tries for 3rd, SAFE, no throw by CF
Batting: RHB Khalil Willingham 0-0: Ball
1-0: Swinging Strike
1-1: Ball
Eric Sellers steals 2nd base
2-1: Foul Ball, location: 9LSF
2-2: Ball
3-2: Foul Ball, location: 7LMF
3-2: Strikes out swinging
Batting: RHB Alex Dominguez 0-0: Fly out, F7 (Line Drive, 78M, EV 93.8 MPH)
Bottom of the 3rd over - 0 runs, 2 hits, 0 errors, 2 left on base; Lincoln 2 - Fargo-Moorhead 1
TOP OF THE 4TH
Lincoln Saltdogs batting - Pitching for Fargo-Moorhead RedHawks : LHP Peter Wheatfall
Batting: RHB Jonathan Sides 0-0: Ball
1-0: Ball
2-0: Ground out 5-3 (Groundball, 56S, EV 71.3 MPH)
Batting: LHB Beau Wagner 0-0: Ball
1-0: Ball
2-0: Ball
3-0: Called Strike
3-1: Ground out 5-3 (Groundball, 5L, EV 98.1 MPH)
Batting: RHB Don Rancourt 0-0: Fly out, F7 (Flyball, 7LM, EV 90.6 MPH)
Top of the 4th over - 0 runs, 0 hits, 0 errors, 0 left on base; Lincoln 2 - Fargo-Moorhead 1
BOTTOM OF THE 4TH
Fargo-Moorhead RedHawks batting - Pitching for Lincoln Saltdogs : RHP Jesus Justice
Batting: RHB Mario Medrano 0-0: Ball
1-0: Called Strike
1-1: Called Strike
1-2: Fly out, F6 (Popup, 4M, EV 72.5 MPH)
Batting: LHB Nate Moore 0-0: Foul Ball, location: 9LSF
0-1: Ball
1-1: Foul Ball, location: 7LDF
1-2: Foul Ball, location: 7LDF
1-2: Strikes out swinging
Batting: LHB Peter Wheatfall 0-0: Ball
1-0: Ball
2-0: Ball
3-0: Base on Balls
Batting: SHB Brad Wasson 0-0: Called Strike
0-1: Ball
1-1: Ball
2-1: Ball
3-1: Base on Balls
Peter Wheatfall to second
Batting: RHB Joe Fears 0-0: Called Strike
0-1: Ball
1-1: Ball
2-1: Ground out 4-3 (Groundball, 34, EV 85.0 MPH)
Bottom of the 4th over - 0 runs, 0 hits, 0 errors, 2 left on base; Lincoln 2 - Fargo-Moorhead 1
TOP OF THE 5TH
Lincoln Saltdogs batting - Pitching for Fargo-Moorhead RedHawks : LHP Peter Wheatfall
Batting: RHB Jesus Camacho 0-0: Swinging Strike
0-1: Ball
1-1: Foul Ball, location: 9LMF
1-2: Ball
2-2: Foul Ball, location: 7LMF
2-2: Ball
3-2: SINGLE (Groundball, 6MD, EV 97.5 MPH)
Batting: RHB Jesus Justice 0-0: Ball
1-0: Sac Bunt to 23 - play at first, batter OUT! 3-4
Jesus Camacho to second
Batting: RHB Eric Wells 0-0: Ball
1-0: Fly out, F8 (Flyball, 8RD, EV 80.0 MPH)
Batting: RHB Ivan Saucedo 0-0: Fly out, F8 (Flyball, 78M, EV 94.4 MPH)
Top of the 5th over - 0 runs, 1 hit, 0 errors, 1 left on base; Lincoln 2 - Fargo-Moorhead 1
BOTTOM OF THE 5TH
Fargo-Moorhead RedHawks batting - Pitching for Lincoln Saltdogs : RHP Jesus Justice
Batting: RHB Jon Bejarano 0-0: Ball
1-0: Ball
2-0: Foul Ball, location: 2F
2-1: Ground out 5-3 (Groundball, 56S, EV 72.5 MPH)
Batting: LHB Eric Sellers 0-0: Ball
1-0: Ball
2-0: Ball
3-0: Called Strike
3-1: Base on Balls
Batting: RHB Khalil Willingham 0-0: Ball
1-0: Grounds into double play, 6-4-3 (Groundball, 6S, EV 88.1 MPH)
Bottom of the 5th over - 0 runs, 0 hits, 0 errors, 0 left on base; Lincoln 2 - Fargo-Moorhead 1
TOP OF THE 6TH
Lincoln Saltdogs batting - Pitching for Fargo-Moorhead RedHawks : LHP Peter Wheatfall
Pitching: RHP Chris Holland
Batting: RHB Chad Frizzell 0-0: Fly out, F2 (Popup, 3SF, EV 83.1 MPH)
Batting: LHB Luis Galindo 0-0: Foul Ball, location: 2F
0-1: Ball
1-1: Swinging Strike
1-2: Strikes out swinging
Batting: RHB Jonathan Sides 0-0: Ball
1-0: Foul Ball, location: 9LMF
1-1: Fly out, F8 (Flyball, 78D, EV 110.0 MPH)
Top of the 6th over - 0 runs, 0 hits, 0 errors, 0 left on base; Lincoln 2 - Fargo-Moorhead 1
BOTTOM OF THE 6TH
Fargo-Moorhead RedHawks batting - Pitching for Lincoln Saltdogs : RHP Jesus Justice
Pitching: RHP Chris Setton
Batting: RHB Alex Dominguez 0-0: Ball
1-0: Called Strike
1-1: Foul Ball, location: 9LDF
1-2: Ball
2-2: Ball
3-2: Fly out, F8 (Flyball, 8RM, EV 87.5 MPH)
Batting: RHB Mario Medrano 0-0: Ball
1-0: DOUBLE (Groundball, 5L, EV 101.3 MPH)
Batting: LHB Nate Moore 0-0: Ball
1-0: Fly out, F5 (Popup, 25F, EV 81.3 MPH)
Batting: RHB Chris Holland 0-0: Ball
1-0: Ground out U3 (Groundball, 34, EV 81.3 MPH)
Bottom of the 6th over - 0 runs, 1 hit, 0 errors, 1 left on base; Lincoln 2 - Fargo-Moorhead 1
TOP OF THE 7TH
Lincoln Saltdogs batting - Pitching for Fargo-Moorhead RedHawks : RHP Chris Holland
Batting: LHB Beau Wagner 0-0: Called Strike
0-1: Ball
1-1: Ball
2-1: Ball
3-1: Called Strike
3-2: Base on Balls
Batting: RHB Don Rancourt 0-0: Sac Bunt to 15S - play at first, batter OUT! 1-3
Beau Wagner to second
Batting: RHB Jesus Camacho 0-0: Ball
1-0: DOUBLE (Groundball, 5L, EV 103.1 MPH)
Beau Wagner scores
Pinch Hitting: LHB Worku Boukadida 0-0: Called Strike
0-1: SINGLE (Groundball, 34D, EV 97.5 MPH)
Jesus Camacho to third
Batting: RHB Eric Wells 0-0: Ball
1-0: Reached on error, E4 (Groundball, 34, EV 86.9 MPH)
Jesus Camacho scores
Worku Boukadida to second
Batting: RHB Ivan Saucedo 0-0: Fly out, F8 (Flyball, 8LD, EV 110.6 MPH)
Batting: RHB Chad Frizzell 0-0: Ball
1-0: Foul Ball, location: 2RF
1-1: Ball
2-1: Ball
3-1: Foul Ball, location: 5DF
3-2: Ground out 5-3 (Groundball, 56, EV 96.3 MPH)
Top of the 7th over - 2 runs, 2 hits, 1 error, 2 left on base; Lincoln 4 - Fargo-Moorhead 1
BOTTOM OF THE 7TH
Fargo-Moorhead RedHawks batting - Pitching for Lincoln Saltdogs : RHP Chris Setton
Pitching: RHP Tomoharu Kawano
Batting: SHB Brad Wasson 0-0: Ball
1-0: Ball
2-0: Called Strike
2-1: Ground out 6-3 (Groundball, 56D, EV 110.0 MPH)
Batting: RHB Joe Fears 0-0: Called Strike
0-1: Foul Ball, location: 9LDF
0-2: Foul Ball, location: 23F
0-2: Ball
1-2: Ball
2-2: Ball
3-2: Strikes out looking
Batting: RHB Jon Bejarano 0-0: Hit by Pitch
Batting: LHB Eric Sellers 0-0: Ball
1-0: Ball
2-0: Called Strike
2-1: Foul Ball, location: 7LSF
2-2: Strikes out swinging
Bottom of the 7th over - 0 runs, 0 hits, 0 errors, 1 left on base; Lincoln 4 - Fargo-Moorhead 1
TOP OF THE 8TH
Lincoln Saltdogs batting - Pitching for Fargo-Moorhead RedHawks : RHP Chris Holland
Batting: LHB Luis Galindo 0-0: Ball
1-0: Ball
2-0: Ball
3-0: Called Strike
3-1: Foul Ball, location: 2F
3-2: Base on Balls
Batting: RHB Jonathan Sides 0-0: Called Strike
0-1: Ball
1-1: Ball
2-1: Foul Ball, location: 5FF
2-2: Foul Ball, location: 2F
2-2: Ball
3-2: Foul Ball, location: 9LDF
3-2: Foul Ball, location: 2F
3-2: Strikes out swinging
Pitching: RHP Tony Loayza
Batting: LHB Beau Wagner 0-0: SINGLE (Line Drive, 78S, EV 98.1 MPH)
Luis Galindo to second
Batting: RHB Don Rancourt 0-0: Called Strike
0-1: SINGLE (Groundball, 4MD, EV 100.6 MPH)
Luis Galindo to third
Beau Wagner to second
Runner from 3rd tries for Home, SAFE, throw by CF to home
Batting: RHB Jesus Camacho 0-0: Ball
1-0: Foul Ball, location: 2F
1-1: Foul Ball, location: 2F
1-2: Strikes out looking
Pinch Hitting: RHB Nate Atkinson 0-0: Called Strike
0-1: Ball
1-1: Foul Ball, location: 3SF
1-2: Ball
2-2: Ball
3-2: Foul Ball, location: 2F
3-2: SINGLE (Line Drive, 78S, EV 106.3 MPH)
Beau Wagner to third
Don Rancourt to second
Beau Wagner scores
Don Rancourt to third
Batting: RHB Eric Wells 0-0: Foul Ball, location: 2F
0-1: Swinging Strike
0-2: Foul Ball, location: 9LMF
0-2: Fly out, F8 (Flyball, 78D, EV 104.4 MPH)
Top of the 8th over - 2 runs, 3 hits, 0 errors, 2 left on base; Lincoln 6 - Fargo-Moorhead 1
BOTTOM OF THE 8TH
Fargo-Moorhead RedHawks batting - Pitching for Lincoln Saltdogs : RHP Tomoharu Kawano
Pitching: LHP J.D. Tomasek
Batting: RHB Khalil Willingham 0-0: DOUBLE (Flyball, 78XD, EV 111.9 MPH)
Batting: RHB Alex Dominguez 0-0: Called Strike
0-1: Ball
1-1: Ball
2-1: Ball
3-1: Foul Ball, location: 2F
3-2: Strikes out looking
Batting: RHB Mario Medrano 0-0: SINGLE (Groundball, 4MD, EV 99.4 MPH)
Khalil Willingham to third
Batting: LHB Nate Moore 0-0: Ball
1-0: Swinging Strike
1-1: Swinging Strike
1-2: Foul Ball, location: 7LMF
1-2: Strikes out swinging
Batting: LHB Tony Loayza 0-0: Foul Ball, location: 25F
0-1: SINGLE (Groundball, 34D, EV 103.8 MPH)
Khalil Willingham scores
Mario Medrano to second
Runner from 2nd tries for 3rd, OUT! 9-5
Bottom of the 8th over - 1 run, 3 hits, 0 errors, 1 left on base; Lincoln 6 - Fargo-Moorhead 2
TOP OF THE 9TH
Lincoln Saltdogs batting - Pitching for Fargo-Moorhead RedHawks : RHP Tony Loayza
Batting: RHB Ivan Saucedo 0-0: Ball
1-0: SINGLE (Line Drive, 5D, EV 95.0 MPH)
Pitching: RHP DeMario Quezada
Batting: RHB Chad Frizzell 0-0: Ball
1-0: SINGLE (Flyball, 7LS, EV 89.4 MPH)
Ivan Saucedo to second
Batting: LHB Luis Galindo 0-0: Ball
1-0: Called Strike
1-1: Fly out, F7 (Flyball, 78S, EV 99.4 MPH)
Batting: RHB Jonathan Sides 0-0: Foul Ball, location: 3DF
0-1: Ball
1-1: Ball
2-1: Called Strike
2-2: Foul Ball, location: 2F
2-2: Foul Ball, location: 2LF
2-2: Ball
3-2: Fly out, F7 (Flyball, 7LM, EV 90.6 MPH)
Batting: LHB Beau Wagner 0-0: Called Strike
0-1: Ball
1-1: SINGLE (Line Drive, 56D, EV 93.8 MPH)
Ivan Saucedo to third
Chad Frizzell to second
Runner from 3rd tries for Home, SAFE, throw by LF to home
Batting: RHB Don Rancourt 0-0: Called Strike
0-1: Fly out, F8 (Flyball, 8RD, EV 92.5 MPH)
Top of the 9th over - 1 run, 3 hits, 0 errors, 2 left on base; Lincoln 7 - Fargo-Moorhead 2
BOTTOM OF THE 9TH
Fargo-Moorhead RedHawks batting - Pitching for Lincoln Saltdogs : LHP J.D. Tomasek
Batting: SHB Brad Wasson 0-0: Ball
1-0: Ball
2-0: Ball
3-0: Called Strike
3-1: Ground out 6-3 (Groundball, 6, EV 83.8 MPH)
Batting: RHB Joe Fears 0-0: Called Strike
0-1: Ball
1-1: Ball
2-1: Swinging Strike
2-2: Ball
3-2: Ground out 5-3 (Groundball, 56, EV 104.4 MPH)
Batting: RHB Jon Bejarano 0-0: Ball
1-0: Foul Ball, location: 3SF
1-1: Foul Ball, location: 9LSF
1-2: Foul Ball, location: 7LSF
1-2: Strikes out swinging
Bottom of the 9th over - 0 runs, 0 hits, 0 errors, 0 left on base; Lincoln 7 - Fargo-Moorhead 2
Sunday, April 14th , 2024 - OOTP Baseball 24.10 Build 82